 Dungeon Crawl Stone Soup version 0.29-a0-398-ge13fd1374b (webtiles) character file.

Game seed: 4831672771969312410

66240 quinnr the Cloud Mage (level 15, -25/84 HPs)
             Began as a Tengu Air Elementalist on May 12, 2022.
             Was an Elder of Sif Muna.
             Annihilated by an orc knight
             ... wielding a +2 bardiche
              (34 damage)
             ... on level 2 of the Orcish Mines.
             The game lasted 00:53:51 (29699 turns).

quinnr the Cloud Mage (Tengu Air Elementalist)     Turns: 29699, Time: 00:53:52

Health: -25/84     AC: 10    Str: 15    XL:     15   Next: 19%
Magic:  18/26      EV: 26    Int: 23    God:    Sif Muna [****..]
Gold:   1525       SH:  6    Dex: 19    Spells: 3/28 levels left

rFire   + . .      SeeInvis .   t - staff of air
rCold   . . .      Faith    .   N - +0 buckler
rNeg    . . .      Spirit   .   V - +1 robe {rF+}
rPois   .          Reflect  .   (helmet restricted)
rElec   +          Harm     .   m - +1 cloak
rCorr   +          Rampage  .   h - +0 pair of gloves
Will    +....                   (boots unavailable)
Stlth   ++++......              (no amulet)
HPRegen 0.24/turn               n - ring of resist corrosion
MPRegen 0.20/turn               Q - ring "Qolikox" {rElec AC+4 Str+6 Dex+5}

@: flying quickly and evasively, hasted, very quick
A: beak, talons 3, nimble flight
a: Renounce Religion, Channel Magic, Forget Spell, Divine Exegesis


You were on level 2 of the Orcish Mines.
You worshipped Sif Muna.
Sif Muna was greatly pleased with you.
You visited 4 branches of the dungeon, and saw 18 of its levels.

You collected 1567 gold pieces.
You spent 42 gold pieces at shops.

Inventory:

Hand Weapons
 g - a +1 dagger of protection
 y - a +2 dagger of venom
 z - a +3 dagger of venom
Missiles
 s - 17 poisoned darts
 L - 2 throwing nets
 T - 3 curare-tipped darts
Armour
 a - a +0 robe
 h - a +0 pair of gloves (worn)
 m - a +1 cloak (worn)
 B - +0 steam dragon scales
 N - a +0 buckler (worn)
 V - a +1 robe of fire resistance (worn)
Magical Staves
 t - a staff of air (weapon)
Jewellery
 n - a ring of resist corrosion (left hand)
 I - an amulet of guardian spirit
 J - a +6 ring of dexterity
 Q - the ring "Qolikox" (right hand) {rElec AC+4 Str+6 Dex+5}
   (You found it on level 3 of the Lair of Beasts)

   [ring of protection]

   AC:        It affects your AC (+4).
   Str:       It affects your strength (+6).
   Dex:       It affects your dexterity (+5).
   rElec:     It insulates you from electricity.
Wands
 j - a wand of flame (36)
 u - a wand of charming (5)
 v - a wand of acid (5)
 w - a wand of paralysis (10)
 D - a wand of iceblast (37)
 E - a wand of mindburst (5)
 Y - a wand of digging (4)
 Z - a wand of polymorph (12)
Scrolls
 c - 4 scrolls of noise
 e - 4 scrolls of brand weapon
 f - 2 scrolls of blinking
 o - 3 scrolls of fog
 p - 6 scrolls of enchant armour
 x - a scroll of vulnerability
 C - 3 scrolls of teleportation
 F - 4 scrolls of fear {unknown}
 M - a scroll of immolation
 R - a scroll of silence
 W - 3 scrolls of poison {unknown}
 X - a scroll of summoning
Potions
 b - a potion of magic
 d - 6 potions of curing
 i - 2 potions of berserk rage
 k - 2 potions of mutation
 l - 4 potions of attraction
 q - 3 potions of brilliance
 r - 2 potions of resistance
 G - 6 potions of cancellation
 K - 2 potions of haste
 O - 2 potions of heal wounds
 P - a potion of lignification
 S - 3 potions of degeneration
Miscellaneous
 A - a phial of floods


   Skills:
 + Level 6.1 Fighting
 + Level 15.0 Dodging
 - Level 7.0 Stealth
 - Level 4.0 Shields
 + Level 7.1 Spellcasting
 - Level 5.0 Conjurations
 - Level 5.0 Summonings
 - Level 21.0 Air Magic
 + Level 5.1 Invocations
 - Level 4.0 Evocations


You had 3 spell levels left.
You knew the following spells:

 Your Spells              Type           Power      Damage    Failure   Level
a - Shock                 Conj/Air       100%       1d9       1%          1
b - Static Discharge      Conj/Air       80%        N/A       1%          2
c - Airstrike             Air            51%        N/A       1%          4
d - Conjure Ball Lightni  Conj/Air       40%        3x3d13    7%          6
e - Summon Lightning Spi  Summ/Air       80%        N/A       1%          4
f - Maxwell's Capacitive  Air            51%        ∞         12%         8

Your spell library contained the following spells:

 Spells                   Type           Power      Damage    Failure   Level
 Swiftness                Air            100%       N/A       0%          3
 Slow                     Hex            32%        N/A       10%         1
 Sting                    Tmut/Pois      32%        1d4       10%         1
 Dazzling Flash           Conj/Hex       38%        N/A       11%         3
 Stone Arrow              Conj/Erth      38%        3d9       11%         3
 Ensorcelled Hibernation  Hex/Ice        16%        N/A       14%         2
 Scorch                   Fire           16%        2d6       14%         2
 Sublimation of Blood     Necr           8%         N/A       14%         2
 Wereblood                Tmut           8%         N/A       14%         2
 Confusing Touch          Hex            8%         N/A       28%         3
 Portal Projectile        Hex/Tloc       16%        N/A       28%         3
 Spider Form              Tmut/Pois      8%         N/A       28%         3
 Vampiric Draining        Necr           8%         2d6       28%         3
 Freezing Cloud           Conj/Ice/Air   32%        6-21      8%          5
 Animate Armour           Summ/Erth      38%        N/A       34%         4
 Flame Wave               Conj/Fire      19%        2d6       34%         4
 Fulminant Prism          Conj/Hex       9%         3d7       34%         4
 Anguish                  Hex/Necr       4%         N/A       67%         4
 Dispel Undead            Necr           8%         3d8       67%         4
 Irradiate                Conj/Tmut      9%         3d16      67%         5
 Storm Form               Tmut/Air       35%        N/A       73%         7
 Summon Cactus Giant      Summ           15%        N/A       88%         6
 Blade Hands              Tmut           4%         N/A       95%         5
 Excruciating Wounds      Necr           4%         N/A       95%         5
 Dispersal                Tloc           4%         N/A       100%        6
 Summon Hydra             Summ           15%        N/A       100%        7
 Discord                  Hex            4%         N/A       100%        8
 Disjunction              Tloc           4%         N/A       100%        8
 Lehudib's Crystal Spear  Conj/Erth      9%         10d4      100%        8
 Death's Door             Necr           4%         N/A       100%        9


Dungeon Overview and Level Annotations

Branches:
Dungeon (9/15)             Temple (1/1) D:4            Lair (6/6) D:8
  Swamp (0/4) Lair:4       Spider (0/4) Lair:2        Slime (0/5) Lair:6
    Orc (2/2) D:9             Elf (0/3) Orc:2

Altars:
Ashenzari
Cheibriados
Dithmenos
Elyvilon
Fedhas
Gozag
Hepliaklqana
Kikubaaqudgha
Makhleb
Nemelex Xobeh
Okawaru
Qazlal
Ru
Sif Muna
Trog
Uskayaw
Vehumet
Wu Jian
Xom
Yredelemnul
Zin
The Shining One
Beogh

Shops:
D:2 [!   D:4 *(*:

Annotations:
D:6 3 runed translucent doors, logorrheac's ghost, amateur GnVM
Lair:4 3 runed translucent doors, zeratav's ghost, journeyman OpEE
Orc:2 Saint Roka


Innate Abilities, Weirdness & Mutations

You have a beak for a mouth.
You have claws for feet.
Your magical nature lets you fly swiftly and evasively.


Message History

Press: ? - help, Dir - move target, f - orc high priest
Aim: an orc high priest, wielding a +0 scimitar and wearing a +0 leather armour (strong, ally target, empty space bonus: 5/8)
Okay, then.
Unknown command.
Casting: Airstrike (safe; 1% risk of failure)
Confirm with . or Enter, or press ? or * to list all spells.
You feel a surge of power!
The orc high priest is struck by an arc of lightning.
The orc high priest is lightly wounded.
Saint Roka is struck by an arc of lightning!
Saint Roka is lightly wounded.
The orc knight is struck by an arc of lightning!
The orc knight is moderately wounded.
Saint Roka is struck by an arc of lightning.
Saint Roka is lightly wounded.
The lightning grounds out.
Unknown command.
Unknown command.
Casting: Static Discharge (safe; 1% risk of failure)
Confirm with . or Enter, or press ? or * to list all spells.
You feel a surge of power!
The orc high priest is struck by an arc of lightning!
The orc high priest is moderately wounded.
You resist.
You are struck by an arc of lightning.
The orc high priest is struck by an arc of lightning!
The orc high priest is moderately wounded.
Saint Roka is struck by an arc of lightning.
Saint Roka is lightly wounded.
The lightning grounds out.
The orc knight roars a battlecry!
Saint Roka goes into a battle-frenzy!
The orc knight hits you from afar with a +2 bardiche!!!
Ouch! That really hurt!
* * * LOW HITPOINT WARNING * * *
The orc high priest mumbles some strange prayers to Beogh against you.
Beogh smites you!
* * * LOW HITPOINT WARNING * * *
Unknown command.
The orc knight hits you from afar with a +2 bardiche!!
You die...

# .# ##.##
##8[..#..
##.o......
#.@o.....#
##..o[...#
........#
>......o.$
.....#.o...
......##....
........
....
.......##
...


You could see Saint Roka (strong), 2 orc knights, an orc high priest (strong,
ally target), an orc warrior (strong) and a friendly lightning spire (summoned).

Vanquished Creatures
  An orc warlord (Orc:1)
  5 hydras
  A catoblepas (Lair:6)
  4 death yaks
  2 orc high priests
  A lindwurm (Lair:5)
  An orc knight (Orc:1)
  An orc sorcerer (Orc:1)
  An oklob plant (Lair:3)
  2 manticores
  7 elephants
  3 rime drakes
  7 cane toads
  8 komodo dragons
  A troll (Orc:1)
  11 blink frogs
  A culicivora (Lair:2)
  25 yaks
  5 wyverns
  3 basilisks
  A redback (Lair:2)
  2 steam dragons (D:7)
  2 wargs (Orc:1)
  17 water moccasins
  9 orc warriors
  5 black bears
  An ice beast (D:5)
  4 ogres
  16 wolves
  A centaur (D:7)
  2 phantoms
  A gnoll sergeant (D:4)
  2 kobold brigands (D:9)
  7 bullfrogs
  4 scorpions
  5 wights (D:8)
  6 killer bees
  4 electric eels
  A crimson imp (D:4)
  2 howler monkeys
  14 jellies
  5 hounds
  7 orc priests
  A gnoll shaman (D:9)
  Jessica (D:3)
  5 iguanas
  8 orc wizards
  Natasha (thrice) (D:3)
  11 hell rats (Lair:2)
  Robin (D:3)
  13 gnolls
  4 river rats (Lair:2)
  7 adders
  A shadow imp (D:5)
  3 white imps
  A worm (D:3)
  3 dart slugs
  71 orcs
  6 ball pythons
  5 endoplasms
  4 giant cockroaches
  3 hobgoblins (D:1)
  12 jackals
  5 quokkas
  6 bats
  A frilled lizard (D:3)
  11 goblins
  15 kobolds
  9 rats
418 creatures vanquished.

Vanquished Creatures (collateral kills)
  Nessos (Lair:6)
  A hydra (Lair:6)
  3 catoblepae
  8 death yaks (Lair:6)
  An alligator (Lair:6)
  Sonja (Lair:3)
  Nergalle (Lair:3)
  A manticore (Lair:6)
  8 elephants
  A torpor snail (Lair:4)
  4 cane toads
  A komodo dragon (Lair:6)
  A hornet (Lair:4)
  A troll (Orc:1)
  13 blink frogs
  16 yaks
  A warg (Orc:1)
  A swamp drake (Lair:4)
  4 water moccasins
  6 wolves
  A bullfrog (Lair:3)
  2 jellies (Lair:6)
  An orc wizard (Orc:1)
  A ball lightning (Lair:5)
79 creatures vanquished.

Vanquished Creatures (others)
  69 ball lightnings
  78 fungi
  119 plants
266 creatures vanquished.

Grand Total: 763 creatures vanquished

Notes
Turn   | Place    | Note
-------+----------+-------------------------------------------
     0 | D:1      | quinnr the Tengu Air Elementalist began the quest for the
                  | Orb.
     0 | D:1      | Reached XP level 1. HP: 10/10 MP: 4/4
   178 | D:1      | Reached XP level 2. HP: 15/15 MP: 3/6
   386 | D:1      | Reached skill level 5 in Air Magic
   726 | D:1      | Reached XP level 3. HP: 19/19 MP: 4/7
   869 | D:1      | Found a faded altar of an unknown god.
   873 | D:1      | Got Plato's Collected Works on Shape Shifting
  1405 | D:2      | Found a sparkling altar of Nemelex Xobeh.
  1424 | D:2      | Identified the +0 robe of Shadows and Fog {Harm Rampage
                  | rF+++ Int-4}
  1577 | D:2      | Reached skill level 6 in Air Magic
  1894 | D:2      | Found Caisahem's Armour Shop.
  1988 | D:2      | Found Tedathre's Distillery.
  1996 | D:2      | Bought a potion of curing for 42 gold pieces
  2034 | D:2      | Reached XP level 4. HP: 24/24 MP: 4/8
  2235 | D:3      | Noticed a phantom
  2407 | D:3      | Noticed Natasha
  2410 | D:3      | Found a snail-covered altar of Cheibriados.
  2443 | D:2      | HP: 1/24 [adder (4)]
  2807 | D:2      | Killed a phantom
  2808 | D:2      | Reached skill level 7 in Air Magic
  2808 | D:2      | Gained mutation: Your magical nature lets you fly swiftly
                  | and evasively. [Tengu growth]
  2808 | D:2      | Reached XP level 5. HP: 9/28 MP: 3/9
  3181 | D:3      | Reached skill level 8 in Air Magic
  3280 | D:3      | Killed Natasha
  3500 | D:2      | Learned a level 2 spell: Static Discharge
  3505 | D:2      | Learned a level 4 spell: Airstrike
  3547 | D:3      | Reached XP level 6. HP: 32/32 MP: 7/10
  3702 | D:3      | Noticed Jessica
  3703 | D:3      | Killed Jessica
  3812 | D:3      | Noticed Natasha
  3814 | D:3      | Killed Natasha
  4039 | D:3      | Reached skill level 1 in Fighting
  4313 | D:3      | Reached skill level 9 in Air Magic
  4513 | D:3      | Noticed Natasha
  4521 | D:3      | Killed Natasha
  4705 | D:3      | Reached XP level 7. HP: 22/38 MP: 5/11
  5017 | D:3      | Noticed Robin
  5020 | D:3      | Killed Robin
  5340 | D:4      | Found a staircase to the Ecumenical Temple.
  5444 | Temple   | Entered the Ecumenical Temple
  5539 | Temple   | Became a worshipper of Sif Muna the Loreminder
  5582 | D:4      | Found a radiant altar of Vehumet.
  5599 | D:4      | Found Doxoxt's Book Shop.
  5736 | D:4      | Found Toqiataz's Antique Weapon Shoppe.
  5807 | D:4      | Found a glowing golden altar of the Shining One.
  5826 | D:4      | Found Ziec's Assorted Antiques.
  5971 | D:4      | Reached skill level 10 in Air Magic
  6312 | D:4      | Found a blossoming altar of Fedhas.
  6361 | D:4      | Found Zeathes's Assorted Antiques.
  6376 | D:4      | Found a shimmering altar of Xom.
  6459 | D:4      | Found a burning altar of Makhleb.
  6623 | D:5      | Entered Level 5 of the Dungeon
  6650 | D:5      | Reached XP level 8. HP: 44/44 MP: 4/13
  7054 | D:5      | Reached * piety under Sif Muna
  7846 | D:6      | Reached skill level 5 in Dodging
  7846 | D:6      | Reached skill level 11 in Air Magic
  8332 | D:6      | Found a runed translucent gate.
  8333 | D:6      | Found a runed translucent gate.
  8334 | D:6      | Noticed logorrheac's ghost (amateur GnVM)
  8335 | D:6      | Found a runed translucent gate.
  8335 | D:6      | Noticed a kobold demonologist
  8429 | D:6      | Reached XP level 9. HP: 52/52 MP: 0/16
  9381 | D:7      | Found an ancient bone altar of Kikubaaqudgha.
  9619 | D:7      | Reached skill level 5 in Spellcasting
  9786 | D:7      | Reached skill level 5 in Fighting
  9786 | D:7      | Reached skill level 12 in Air Magic
 10271 | D:8      | Found a staircase to the Lair.
 10301 | D:8      | Reached ** piety under Sif Muna
 10372 | D:7      | Reached skill level 13 in Air Magic
 10876 | D:8      | Reached skill level 14 in Air Magic
 10906 | D:8      | Reached XP level 10. HP: 53/59 MP: 7/18
 11603 | D:8      | Reached skill level 15 in Air Magic
 11978 | D:9      | Found a staircase to the Orcish Mines.
 12174 | D:9      | Reached *** piety under Sif Muna
 12855 | D:9      | Found a glowing silver altar of Zin.
 12856 | D:9      | Noticed an angel
 12907 | D:9      | Noticed a manticore
 12920 | D:9      | HP: 5/59 [orc/+0 mace of protection (6)]
 12923 | D:9      | Killed a manticore
 13220 | Lair:1   | Entered Level 1 of the Lair of Beasts
 13220 | Lair:1   | Noticed a seven-headed hydra
 13225 | D:8      | Reached skill level 16 in Air Magic
 13671 | D:8      | Killed a seven-headed hydra
 13813 | Lair:1   | Reached skill level 17 in Air Magic
 14106 | Lair:1   | Reached XP level 11. HP: 63/63 MP: 4/19
 14741 | Lair:1   | Reached **** piety under Sif Muna
 15339 | Lair:2   | Noticed an eight-headed hydra
 15345 | Lair:1   | Killed an eight-headed hydra
 15346 | Lair:1   | Reached skill level 1 in Shields
 15594 | Lair:1   | Learned a level 6 spell: Conjure Ball Lightning
 16189 | Lair:1   | Reached skill level 1 in Evocations
 16322 | Lair:2   | Reached skill level 1 in Invocations
 16675 | Lair:2   | Reached skill level 5 in Stealth
 17167 | Lair:2   | Noticed a five-headed hydra
 17186 | Lair:2   | Killed a five-headed hydra
 17483 | Lair:2   | Noticed an eight-headed hydra
 17540 | Lair:2   | Reached XP level 12. HP: 52/68 MP: 9/22
 17901 | Lair:2   | Found a hole to the Spider Nest.
 18444 | Lair:2   | Reached ***** piety under Sif Muna
 18739 | Lair:2   | Killed an eight-headed hydra
 18740 | Lair:2   | Reached skill level 5 in Conjurations
 19234 | Lair:3   | Received a gift from Sif Muna
 19246 | Lair:2   | Learned a level 4 spell: Summon Lightning Spire
 19303 | Lair:3   | Reached skill level 1 in Summonings
 19507 | Lair:3   | Reached skill level 10 in Dodging
 19507 | Lair:3   | Reached skill level 19 in Air Magic
 19507 | Lair:3   | Reached XP level 13. HP: 72/72 MP: 23/23
 19525 | Lair:3   | Noticed Nergalle
 19537 | Lair:3   | Killed Nergalle
 19716 | Lair:3   | Identified the ring "Qolikox" {rElec AC+4 Str+6 Dex+5}
 20154 | Lair:3   | Noticed Sonja
 20163 | Lair:3   | Killed Sonja
 21045 | Lair:4   | Identified the +9 hunting sling of the Evening {vorpal, rN+
                  | Will- Dex+3}
 21278 | Lair:4   | Reached skill level 5 in Invocations
 21405 | Lair:4   | Found a staircase to the Swamp.
 21455 | Lair:4   | Reached skill level 5 in Summonings
 21932 | Lair:4   | Found a runed translucent gate.
 21933 | Lair:4   | Found a runed translucent gate.
 21933 | Lair:4   | Noticed zeratav's ghost (journeyman OpEE)
 21934 | Lair:4   | Found a runed translucent gate.
 22379 | Lair:6   | Entered Level 6 of the Lair of Beasts
 22496 | Lair:5   | Reached XP level 14. HP: 56/78 MP: 14/24
 23922 | Lair:5   | quinnr: ??conjure ball
 23922 | Lair:5   | beem: I don't have a page labeled conjure_ball in my
                  | learndb.
 23922 | Lair:5   | quinnr: ??ball lightning
 23922 | Lair:5   | beem: ball lightning[1/3]: A projectile monster that
                  | explodes for 3d20 elec damage. They don't exist naturally,
                  | but Conjure Ball Lightning (L6 C/A in Sky) can make them,
                  | and are also in rare abyss, swamp, and aerie vaults. Cannot
                  | be conjured over water or lava. Remember that ones conjured
                  | will explode when they time out!
 24984 | Lair:6   | Received a gift from Sif Muna
 25086 | Lair:6   | Got Tanaqegu's Papyrus of Ghastly Battle Magic {god gift}
 25127 | Lair:6   | Learned a level 8 spell: Maxwell's Capacitive Coupling
 25206 | Lair:6   | Found a staircase to the Slime Pits.
 25586 | Lair:6   | Reached skill level 20 in Air Magic
 26811 | Lair:6   | Noticed Nessos
 26815 | Lair:6   | Killed Nessos
 27623 | Lair:6   | Reached XP level 15. HP: 62/84 MP: 0/26
 27813 | Lair:6   | Reached skill level 21 in Air Magic
 28006 | Lair:6   | Identified the +4 double sword of the Gloaming {flame,
                  | *Corrode Int+4 Stlth+}
 28229 | Orc:1    | Entered Level 1 of the Orcish Mines
 28501 | Orc:2    | Entered Level 2 of the Orcish Mines
 28501 | Orc:2    | Noticed Saint Roka
 28501 | Orc:2    | Found a staircase to the Elven Halls.
 28801 | Orc:2    | Noticed an orc warlord
 29008 | Orc:1    | Killed an orc warlord
 29009 | Orc:1    | Reached skill level 15 in Dodging
 29699 | Orc:2    | Annihilated by an orc knight

Illustrated notes

Levels and vault maps discovered:
D:1:      sevenhm_arrival_forest_fort_small_6, layout_basic,
          shapermc_ecumenical_altar_rom_forum
D:2:      layout_loops_ring, basic_altar, serial_shops, nicolae_diamond_shop,
          nicolae_square_shop
D:3:      layout_basic, mainiacjoe_overflow_cross_hatched, grunt_decor_junction,
          uniq_jessica, uniq_natasha, uniq_robin
D:4:      layout_loops_corners, grunt_temple_overflow_champion_of_chaos,
          mainiacjoe_overflow_chevrons, mainiacjoe_overflow_big_doors,
          minmay_temple_entry_junction, serial_shops, kennysheep_mini_moat,
          nicolae_shop_temple_entry_statues_fountains, nicolae_shop_trees, shop
D:5:      layout_rooms
D:6:      layout_cave_pods, gammafunk_ghost_nasty_kobolds,
          chequers_decorated_corner
D:7:      layout_rooms, general_overflow_altar
D:8:      layout_basic, lair_entry_dummy, special_room [special_room_orc]
D:9:      layout_loops_ring, zin_angel, minmay_orc_entry_temple_small,
          skrybe_limestone_x
Temple:   nicolae_temple_great_sept
Lair:1:   wander_river, layout_misc_corridors, portal_ice_cave_entry_pillars_2
Lair:2:   layout_small_grid, spider_nest_entry_funnel_web,
          kennysheep_abandoned_house, serial_bayou_shore_b
Lair:3:   layout_hall_layers, st_stairs_13, uniq_nergalle, uniq_sonja
Lair:4:   layout_misc_corridors, minmay_swamp_entry_reptiles,
          gammafunk_ghost_hydra_chop, infiniplex_staircase_pool
Lair:5:   layout_gridlike, serial_bayou_lake_a, serial_bayou_shore_a,
          grunt_megastairs_4, serial_bayou_shore_b
Lair:6:   evilmike_catoblepas_cave, layout_regular_city,
          minmay_slime_entry_jelly_boxes, uniq_nessos
Orc:1:    lemuel_ogre_cave, layout_caves, okawaru_metal_pillars_1_2
Orc:2:    grunt_orc_gardens, layout_diamond_mine, grunt_orc_garden,
          grunt_orc_garden, grunt_orc_garden, grunt_orc_garden,
          nicolae_orc_bridge_out, uniq_saint_roka

Skill      XL: |  1  2  3  4  5  6  7  8  9 10 11 12 13 14 15 |
---------------+----------------------------------------------+-----
Air Magic      | 5 6 7 8 9 10 11 14 17 19 20 21 | 21.0
Fighting       | 1 2 3 5 6 |  6.1
Dodging        | 3 4 5 6 8 10 12 14 15 | 15.0
Spellcasting   | 3 4 5 6 7 |  7.1
Stealth        | 5 7 |  7.0
Shields        | 3 4 |  4.0
Conjurations   | 3 5 |  5.0
Evocations     | 2 4 |  4.0
Invocations    | 2 3 5 |  5.1
Summonings     | 1 5 |  5.0

Action                   |  1- 3 |  4- 6 |  7- 9 | 10-12 | 13-15 || total
-------------------------+-------+-------+-------+-------+-------++-------
Melee: Kick              |     1 |       |     1 |     2 |    11 ||    15
       Unarmed           |     1 |       |       |       |       ||     1
       Dagger            |       |     6 |       |       |       ||     6
       Peck              |       |     2 |     1 |     1 |     6 ||    10
       Staff             |       |       |     9 |    11 |    23 ||    43
 Cast: Shock             |    77 |    96 |   167 |   248 |   291 ||   879
       Airstrike         |       |     5 |    45 |    74 |    61 ||   185
       Static Discharge  |       |       |    25 |    93 |    45 ||   163
       Summon Lightning  |       |       |       |     1 |    68 ||    69
       Conjure Ball Ligh |       |       |       |       |    30 ||    30
       Maxwell's Capacit |       |       |       |       |     1 ||     1
Evoke: Wand              |       |       |     3 |     4 |     7 ||    14
  Use: Scroll            |       |     2 |    12 |     4 |    10 ||    28
       Potion            |       |     1 |       |     4 |     4 ||     9
Armor: Robe              |     2 |    25 |     1 |       |    20 ||    48
       Steam dragon scal |       |       |     8 |    23 |     4 ||    35
Dodge: Dodged            |     5 |    49 |    59 |   151 |   208 ||   472
Block: Buckler           |       |       |       |       |    19 ||    19

Table legend: (Time is in decaauts)
 A = Elapsed time spent in this place.
 B = Non-inter-level travel time spent in this place.
 C = Inter-level travel time spent in this place.
 D = Time resting spent in this place.
 E = Time spent auto-exploring this place.
 F = Levels seen in this place.
 G = Mean time per level.
                   A        B        C        D        E       F      G
               +--------+--------+--------+--------+--------+-----+--------+
         Total |  28690 |  27505 |   1185 |   6953 |  16800 |  18 | 1593.9 |
       Dungeon |  13488 |  12796 |    692 |   2826 |   8478 |   9 | 1498.7 |
        Temple |     95 |     67 |     28 |      0 |     56 |   1 |   95.0 |
          Lair |  13791 |  13336 |    455 |   3092 |   8183 |   6 | 2298.5 |
  Orcish Mines |   1315 |   1307 |      8 |   1034 |     81 |   2 |  657.5 |
               +--------+--------+--------+--------+--------+-----+--------+

Top non-repeatable levels by time:
  Lair:6: 3179 daAuts
  Lair:2: 2788 daAuts
  Lair:5: 2495 daAuts
  Lair:1: 2401 daAuts
     D:3: 1969 daAuts
     D:2: 1852 daAuts
     D:8: 1755 daAuts
  Lair:3: 1587 daAuts
     D:7: 1534 daAuts
     D:6: 1346 daAuts
  Lair:4: 1338 daAuts
     D:4: 1311 daAuts
   Orc:1: 1287 daAuts
     D:1: 1268 daAuts
     D:9: 1231 daAuts
